 Dungeon Crawl Stone Soup version 0.13.2 (webtiles) character file.

1048 Morbidden the Chucker (level 7, -1/68 HPs)
             Began as an Ogre Hunter on May 28, 2020.
             Slain by an orc wizard
             ... wielding a -1,+1 orcish dagger
              (5 damage)
             ... on Level 5 of the Dungeon.
             The game lasted 00:22:42 (5552 turns).

Morbidden the Chucker (Ogre Hunter)                 Turns: 5552, Time: 00:22:43

HP  -1/68        AC  3     Str 20      XL: 7   Next: 90%
MP   6/6         EV 11     Int 11      God:
Gold 248         SH  0     Dex 10      Spells:  0 memorised,  6 levels left

Res.Fire  : . . .   See Invis. : .   a - +1 giant club (curse)
Res.Cold  : . . .   Warding    : .   d - +0 animal skin
Life Prot.: . . .   Conserve   : .   (shield restricted)
Res.Poison: .       Res.Corr.  : .   (helmet restricted)
Res.Elec. : .       Clarity    : .   (no cloak)
Sust.Abil.: . .     Spirit.Shd : .   (gloves unavailable)
Res.Mut.  : .       Stasis     : .   (boots unavailable)
Res.Rott. : .       Flight     : .   (no amulet)
Saprovore : + . .                    r - ring of protection from magic
                                     i - +1 ring of intelligence

@: quite resistant to hostile enchantments, unstealthy
A: unfitting armour, fast metabolism 1, saprovore 1, tough skin 1
a: no special abilities


You were on level 5 of the Dungeon.
You were very hungry.

You visited 1 branch of the dungeon, and saw 5 of its levels.

You collected 228 gold pieces.

Inventory:

Hand weapons
 a - a cursed +1,+1 giant club (weapon)
 w - a +0,+2 dagger
Missiles
 b - 5 large rocks (quivered)
 c - 2 throwing nets
 m - 21 darts
Armour
 d - a +0 animal skin (worn)
Magical devices
 B - a wand of frost (14) {unknown}
Comestibles
 f - a meat ration
 g - 2 sausages
 x - a banana
 z - a bread ration
 A - a choko
 D - 2 cheeses
 E - an apple
Scrolls
 h - 2 scrolls of identify
 k - a scroll of remove curse
 l - 2 scrolls of noise
 n - 4 scrolls of blinking
 s - a scroll of random uselessness
 u - 2 scrolls of teleportation
Jewellery
 i - a +1 ring of intelligence (left hand)
 r - a ring of protection from magic (right hand)
Potions
 j - 5 potions of curing
 o - a potion of confusion
 p - a potion of agility {unknown}
 t - a potion of cure mutation
 C - a potion of magic {unknown}


   Skills:
 * Level 5.3 Fighting
 * Level 5.0 Maces & Flails
 + Level 6.6 Throwing
 + Level 4.7 Dodging
 - Level 0.8 Stealth


You had 6 spell levels left.
You didn't know any spells.

Dungeon Overview and Level Annotations

Branches:
Dungeon (5/27)
 Temple: D:4-7

Altars:
Yredelemnul


Innate Abilities, Weirdness & Mutations

You are too large for most types of armour.
You have a fast metabolism.
You can tolerate rotten meat.
You have tough skin (AC +1).


Message History

You kill the orc!
You see here an orc corpse.
You bludgeon the orc!!
You kill the orc!
The orc wizard casts a spell at you. The magic dart hits you!
* * * LOW HITPOINT WARNING * * *
The orc wizard completely misses you.
Found a stone staircase leading down.
Things that are here:
an orcish flail; an orcish leather armour; a potion of heal wounds Unknown command.
You closely miss the orc wizard.
The orc wizard gestures at you while chanting.
The puff of flame hits you!
* * * LOW HITPOINT WARNING * * *
The orc wizard hits you but does no damage.
You barely miss the orc wizard.
The orc wizard hits you with an orcish dagger.
You die...

#...............(.
#..................
#..................#
#..................#
#.........(..[.....#
#..........(.......#
#..........(.......#
#...........%......#
.........@......#
........o......#
..............##########
........................
....................{...
.......................
......................
.>...................
..................


You could see an orc wizard.

Vanquished Creatures
  Eustachio (D:4)
  2 ogres (D:4)
  Sigmund (D:5)
  3 crimson imps (D:5)
  A hound (D:5)
  2 worker ants (D:5)
  2 orc wizards
  4 gnolls (D:3)
  A giant mite (D:2)
  4 adders
  A shadow imp (D:4)
  A worm (D:2)
  An iguana zombie (D:5)
  A grey rat (D:4)
  5 giant geckos
  2 oozes
  11 orcs
  A ball python (D:1)
  11 bats
  A giant cockroach (D:2)
  3 hobgoblins
  16 jackals
  3 quokkas
  5 giant newts
  10 goblins
  7 kobolds
  6 rats
106 creatures vanquished.

Notes
Turn   | Place    | Note
--------------------------------------------------------------
     0 | D:1      | Morbidden, the Ogre Hunter, began the quest for the Orb.
     0 | D:1      | Reached XP level 1. HP: 20/20 MP: 0/0
    52 | D:1      | HP: 1/20 [jackal (1)]
   453 | D:1      | Reached XP level 2. HP: 28/28 MP: 1/1
  1329 | D:2      | Reached XP level 3. HP: 32/36 MP: 2/2
  1370 | D:2      | Reached skill level 5 in Throwing
  1524 | D:2      | Reached XP level 4. HP: 26/44 MP: 3/3
  2067 | D:3      | Reached XP level 5. HP: 16/52 MP: 4/4
  2745 | D:4      | Noticed an ogre
  2745 | D:4      | Noticed an ogre
  3844 | D:4      | Noticed Eustachio
  4119 | D:4      | Killed an ogre
  4119 | D:4      | Reached XP level 6. HP: 61/61 MP: 5/5
  4287 | D:4      | Killed Eustachio
  4287 | D:4      | Reached skill level 6 in Throwing
  4575 | D:4      | Killed an ogre
  4575 | D:4      | Reached XP level 7. HP: 51/68 MP: 6/6
  4657 | D:5      | Entered Level 5 of the Dungeon
  4845 | D:5      | Found a basalt altar of Yredelemnul.
  4904 | D:5      | Gained mutation: You cover ground slowly. [potion of mutation]
  4904 | D:5      | Gained mutation: You can spit poison. [potion of mutation]
  4904 | D:5      | Gained mutation: You tend to lose your temper in combat. [potion of mutation]
  5236 | D:5      | Lost mutation: You cover ground slowly. [potion of cure mutation]
  5236 | D:5      | Lost mutation: You can spit poison. [potion of cure mutation]
  5236 | D:5      | Lost mutation: You tend to lose your temper in combat. [potion of cure mutation]
  5260 | D:5      | Reached skill level 5 in Fighting
  5525 | D:5      | Noticed Sigmund
  5527 | D:5      | Killed Sigmund
  5527 | D:5      | Reached skill level 5 in Maces & Flails
  5552 | D:5      | Slain by an orc wizard

Action                   |  1- 3 |  4- 6 |  7- 9 || total
-------------------------+-------+-------+-------++-------
Melee: Club              |    93 |   169 |       ||   262
       Great mace        |       |    23 |       ||    23
       Giant club        |       |       |    58 ||    58
Throw: Large rock        |     3 |    11 |     2 ||    16
       Dart              |     6 |    41 |    30 ||    77
       Dagger            |     9 |    12 |       ||    21
 Abil: Spit Poison       |       |       |     1 ||     1
  Use: Scroll            |     1 |     7 |     5 ||    13
       Potion            |       |     3 |     3 ||     6
